 Dungeon Crawl Stone Soup version 0.18-a0-514-ga7d9996 (webtiles) character file.

129 Proton the Shield-Bearer (level 5, 0/42 HPs)
             Began as a Formicid Fighter on Dec 3, 2015.
             Splashed by a jelly's acid (5 damage)
             ... on level 3 of the Dungeon.
             The game lasted 00:02:34 (2141 turns).

Proton the Shield-Bearer (Formicid Fighter)         Turns: 2141, Time: 00:02:34

Health: 0/42       AC:  1    Str: 21    XL:     5   Next: 35%
Magic:  5/5        EV:  6    Int:  8    God:
Gold:   148        SH:  9    Dex: 10    Spells: 0 memorised, 4 levels left

rFire  . . .     SeeInvis +     a - +0 war axe
rCold  . . .     Clarity  .     i - +0 chain mail (curse)
rNeg   . . .     SustAt   .     c - +0 shield
rPois  .         Gourm    .     (helmet unavailable)
rElec  .         Spirit   .     (no cloak)
rCorr  .         Dismiss  .     (no gloves)
rMut   .         Stasis   +     (no boots)
MR     .....                    (no amulet)
Stlth  ..........               (no ring)
                                (no ring)

@: corroded equipment, not resistant to hostile enchantments, extremely
unstealthy
A: permanent stasis, dig shafts and tunnels, four strong arms, antennae 3
a: Dig, Shaft Self


You were on level 3 of the Dungeon.
You were not hungry.

You visited 1 branch of the dungeon, and saw 3 of its levels.

You collected 148 gold pieces.

Inventory:

Hand Weapons
 a - a +0 war axe (weapon)
Armour
 c - a +0 shield (worn)
 i - a cursed +0 chain mail (worn)
Jewellery
 p - an uncursed ring of ice {unknown}
 s - an uncursed ring of protection from fire {unknown}
Scrolls
 g - a scroll of amnesia {unknown}
 h - a scroll of teleportation {unknown}
 k - 2 scrolls of identify {unknown}
 o - a scroll of enchant armour {unknown}
 r - 2 scrolls of remove curse {unknown}
Potions
 b - a potion of mutation {unknown}
 d - 2 potions of might
 f - a potion of agility
 j - 2 potions of heal wounds {unknown}
 l - a potion of magic {unknown}
 m - a potion of ambrosia {unknown}
 n - a potion of poison {unknown}
 q - a potion of curing {unknown}
Comestibles
 e - a bread ration
 t - a fruit
 u - a meat ration


   Skills:
 + Level 4.0 Fighting
 + Level 2.9 Axes
 + Level 4.2 Armour
 + Level 1.4 Dodging
 + Level 4.3 Shields


You had 4 spell levels left.
You didn't know any spells.

Dungeon Overview and Level Annotations

Branches:
Dungeon (3/15)

Altars:
Xom
Zin


Innate Abilities, Weirdness & Mutations

You are under a permanent stasis effect.
You can dig through walls and to a lower floor.
Your four strong arms can wield two-handed weapons with a shield.
You have a pair of large antennae on your head (SInv).


Message History

You hit the jelly but do no damage. The acid corrodes you!
Your hands burn!
The jelly is moderately wounded.
The jelly hits you but does no damage.
You hit the jelly but do no damage.
Your hands burn!
The jelly is lightly wounded.
You block the jelly's attack. x2
You hit the jelly but do no damage.
Your hands burn!
The jelly is lightly wounded.
The jelly hits you but does no damage.
You hit the jelly but do no damage.
Your hands burn!
The jelly is lightly wounded.
The jelly hits you.
You are splashed with acid!
The acid corrodes you!
The acid burns!
* * * LOW HITPOINT WARNING * * *
You slash the jelly!
Your hands burn!
* * * LOW HITPOINT WARNING * * *
The jelly is severely wounded.
You block the jelly's attack. x2
You hit the jelly.
Your hands burn!
You die...

#.#########.#
#.........#.####
#..............#
#..............#
##..............#
##......#+##'##+##
###.......#. #.##.#
##.#.......#J##'##'#
......##....#.@.....#
....#.......#..._...##
....#.......##.....###
...{#........########
.. #..............#
#####............)$#
#.....###..........#
#.##...##..........#
#..............


You could see a jelly.

Vanquished Creatures
  A jelly (D:3)
  Natasha (twice) (D:2)
  A gnoll (D:1)
  An adder (D:2)
  A worm (D:3)
  A giant gecko (D:2)
  2 ball pythons
  4 hobgoblins
  A sheep (D:3)
  3 bats
  2 giant cockroaches
  3 giant newts
  9 goblins
  4 jackals (D:2)
  4 kobolds
  2 rats (D:2)
41 creatures vanquished.

Notes
Turn   | Place    | Note
--------------------------------------------------------------
     0 | D:1      | Proton the Formicid Fighter began the quest for the Orb.
     0 | D:1      | Reached XP level 1. HP: 18/18 MP: 1/1
   288 | D:1      | Reached XP level 2. HP: 24/24 MP: 2/2
   987 | D:1      | Reached skill level 4 in Shields
   987 | D:1      | Reached XP level 3. HP: 2/29 MP: 3/3
  1479 | D:2      | Reached skill level 1 in Dodging
  1659 | D:2      | Reached XP level 4. HP: 33/35 MP: 4/4
  1700 | D:2      | Noticed Natasha
  1703 | D:2      | Killed Natasha
  1825 | D:2      | Found a glowing silver altar of Zin.
  1825 | D:2      | Noticed an angel
  1868 | D:2      | Noticed Natasha
  1873 | D:2      | Killed Natasha
  2117 | D:3      | Found a shimmering altar of Xom.
  2127 | D:3      | Reached XP level 5. HP: 34/42 MP: 5/5
  2141 | D:3      | Splashed by a jelly's acid

Vault maps used:
D:1:      sevenhm_arrival_forest_fort_large_4, serial_co_window_serial,
          co_window_paths_b, co_window_of_opportunity_a, co_window_corner_a,
          co_window_paths_b, co_window_paths_a, co_window_of_opportunity_a,
          co_window_corner_a, co_window_cross_1, co_window_cross_1,
          co_window_2corner, co_window_cross_3, co_window_of_opportunity_b,
          glass_columns_a, glass_columns_b
D:2:      zin_angel, uniq_natasha
D:3:      gammafunk_temple_overflow_wave, cheibriados_altar_1, dk_xom_monty_hall

Action                   |  1- 3 |  4- 6 || total
-------------------------+-------+-------++-------
Melee: War axe           |   115 |    42 ||   157
 Abil: Dig               |     1 |       ||     1
  Eat: Bread ration      |     1 |       ||     1
       Pizza             |     1 |       ||     1
